 Dungeon Crawl Stone Soup version 0.29-a0-344-ge2f44be95a (webtiles) character file.

Game seed: 13320046196180474111

5 spaghetti the Caller (level 1, 0/14 HPs)
             Began as a Demigod Summoner on Apr 21, 2022.
             Slain by a hobgoblin (4 damage)
             ... on level 1 of the Dungeon.
             The game lasted 00:00:30 (162 turns).

spaghetti the Caller (Demigod Summoner)              Turns: 162, Time: 00:00:30

Health: 0/14       AC:  2    Str:  9    XL:     1   Next: 53%
Magic:  3/5        EV: 12    Int: 17    God:
Gold:   0          SH:  0    Dex: 14    Spells: 2/3 levels left

rFire   . . .      SeeInvis .   (no weapon)
rCold   . . .      Faith    .   (no shield)
rNeg    . . .      Spirit   .   a - +0 robe
rPois   .          Reflect  .   (no helmet)
rElec   .          Harm     .   (no cloak)
rCorr   .          Rampage  .   (no gloves)
Will    .....                   (no boots)
Stlth   ++........              (no amulet)
HPRegen 0.04/turn               (no ring)
MPRegen 0.09/turn               (no ring)

@: no status effects
A: high MP 1, forlorn, divine attributes
a: no special abilities


You were on level 1 of the Dungeon.
You visited 1 branch of the dungeon, and saw 1 of its levels.


Innate Abilities, Weirdness & Mutations

You have an increased reservoir of magic. (+10% MP)
You shall have no god before yourself.
Your divine heritage dramatically boosts your attributes as you level up.


   Skills:
 - Level 1.7 Dodging
 - Level 1.7 Stealth
 - Level 1.7 Spellcasting
 + Level 3.9 Summonings


You had 2 spell levels left.
You knew the following spells:

 Your Spells              Type           Power      Damage    Failure   Level
a - Summon Small Mammal   Summ           56%        N/A       4%          1

Your spell library contained the following spells:

 Spells                   Type           Power      Damage    Failure   Level
 Call Imp                 Summ           14%        N/A       6%          2
 Magic Dart               Conj           4%         1d3       21%         1
 Ensorcelled Hibernation  Hex/Ice        2%         N/A       30%         2
 Passwall                 Tmut/Erth      0%         N/A       30%         2
 Call Canine Familiar     Summ           14%        N/A       12%         3
 Summon Guardian Golem    Hex/Summ       8%         N/A       26%         3
 Mephitic Cloud           Conj/Pois/Air  1%         N/A       52%         3
 Swiftness                Air            1%         N/A       52%         3
 Summon Lightning Spire   Summ/Air       8%         N/A       65%         4

Inventory:

Hand Weapons
 c - a +0 club {mace}
   (You took it off a goblin on level 1 of the Dungeon)
Missiles
 d - 29 stones {throwing}
Armour
 a - a +0 robe (worn)
Scrolls
 e - a scroll of teleportation {unknown}
Potions
 b - a potion of magic

Dungeon Overview and Level Annotations

Branches:
Dungeon (1/15)

### # .. #######.#### .#
# ..........##.####.#
.......#.#$.$.....
.................
.......@ยง.......
####.#.#b#.gr####.
##..#.#.#.#.r.#
####.#...........#
###...#####.##.#..###..
#...###.................
...## #.###.##.#..###...
.### #.###.........# .
...## #.#...........##


You could see a hobgoblin (ally target), a bat and 2 friendly quokkas.


Message History

You are too injured to fight recklessly!
Your bat disappears in a puff of smoke!
e - a scroll labelled JAUGIP YNOLEOJ ๐Ÿ˜Ž HP[+1] MP[+2]
Your hp is fully restored (14).
Your mp is fully restored (5).
Your quokka disappears in a puff of smoke!
d - 29 stones {throwing} (gained 4)
A goblin is nearby!
A goblin is nearby!
Casting: Summon Small Mammal (safe; 4% risk of failure)
Confirm with . or Enter, or press ? or * to list all spells.
๐Ÿ˜Ž MP[-1]
You lost 1 mp, and now have 4/5 mp.
Casting: Summon Small Mammal (safe; 4% risk of failure)
Confirm with . or Enter, or press ? or * to list all spells.
The goblin shouts!
You hear a shout! ๐Ÿ˜Ž MP[-1]
You lost 1 mp, and now have 3/5 mp.
What are your orders? t - Shout!
Orders for allies: a - Attack new target. r - Retreat! s - Stop attacking. g - Guard the area. f - Follow me.
Anything else - Cancel.
Gang up on whom?
Press: ? - help, Dir - move target, f - goblin
Aim: a goblin, wielding a +0 club (ally target) Attack!
Your bat hits the goblin.
An endoplasm comes into view.
The goblin barely misses your quokka.
You swap places.
A hobgoblin comes into view.
Your quokka misses the goblin. Your bat hits the goblin.
The goblin hits your quokka with a +0 club.
You swap places.
Your bat hits the goblin.
A bat comes into view.
The goblin hits you with a +0 club. ๐Ÿ˜• HP[-3]
You take 3 damage, and now have 11/14 hp.
MASSIVE DAMAGE!! (PAUSE) Really attack while wielding nothing? [Y]es or [N]o only, please.
Really attack while wielding nothing?
You hit the goblin. The bat hits you.
Your bat hits the goblin.
The goblin dies!
Your quokka bites the bat. ๐Ÿ˜ฎ HP[-1]
You take 1 damage, and now have 10/14 hp.
You swap places.
The bat barely misses your quokka. The bat closely misses your quokka.
Your quokka bites the endoplasm.
The endoplasm hits you.
* * * LOW HITPOINT WARNING * * *
You see here a +0 club {mace}. ๐Ÿ˜จ HP[-3]
You take 3 damage, and now have 7/14 hp.
MASSIVE DAMAGE!! (PAUSE) Unknown command.
You hit the hobgoblin but do no damage. The bat barely misses your quokka.
Your quokka bites the endoplasm.
The endoplasm misses you.
The hobgoblin hits you but does no damage.
You completely miss the hobgoblin.
The endoplasm hits you but does no damage.
The hobgoblin barely misses you.
The bat hits your quokka but does no damage.
You closely miss the hobgoblin. Your punch misses the hobgoblin.
Your bat hits the endoplasm but does no damage.
The bat hits your quokka but does no damage.
Your bat hits the endoplasm but does no damage.
Your quokka barely misses the bat.
The endoplasm closely misses your bat.
Your bat hits the endoplasm but does no damage.
The hobgoblin closely misses you.
You barely miss the hobgoblin. Your bat hits the endoplasm.
Something hits your quokka but does no damage.
The endoplasm freezes your bat.
Your bat is frozen.
The hobgoblin hits you.
* * * LOW HITPOINT WARNING * * *
๐Ÿ˜จ HP[-1] MP[+1]
You take 1 damage, and now have 6/14 hp.
You hit the endoplasm.
Your bat hits the endoplasm but does no damage.
The bat hits you but does no damage.
Your quokka closely misses the hobgoblin.
The hobgoblin hits you but does no damage.
Your bat hits the endoplasm but does no damage.
The bat closely misses you.
Your quokka closely misses the hobgoblin.
The endoplasm closely misses your bat.
You hit the endoplasm.
You kill the endoplasm!
Your quokka closely misses the hobgoblin.
The bat completely misses you. The hobgoblin hits you.
* * * LOW HITPOINT WARNING * * *
๐Ÿ˜จ HP[-2]
You take 2 damage, and now have 4/14 hp.
Casting: Summon Small Mammal (safe; 4% risk of failure)
Confirm with . or Enter, or press ? or * to list all spells.
Your bat disappears in a puff of smoke!
The bat closely misses you. The bat hits you but does no damage.
Your quokka bites the hobgoblin.
The hobgoblin hits you.
You die...

Action                   || total
-------------------------++-------
Melee: Unarmed           ||     8
 Cast: Summon Small Mamm ||     7
Armor: Robe              ||     5
Dodge: Dodged            ||     8

Levels and vault maps discovered:
D:1:      dpeg_arrival_simpleton_a, layout_basic

Notes
Turn   | Place    | Note
-------+----------+-------------------------------------------
     0 | D:1      | spaghetti the Demigod Summoner began the quest for the Orb.
     0 | D:1      | Reached XP level 1. HP: 14/14 MP: 5/5
     0 | D:1      | magus.rc [v1.9.6]
     6 | D:1      | You pick up a book of Minor Magic and begin reading...
     6 | D:1      | You add the spells Magic Dart and Mephitic Cloud to your
                  | library.
    97 | D:1      | You pick up a book of Burglary and begin reading...
    97 | D:1      | You add the spells Passwall, Ensorcelled Hibernation and
                  | Swiftness to your library.
   162 | D:1      | Slain by a hobgoblin

Vanquished Creatures
  An endoplasm (D:1)
1 creature vanquished.

Vanquished Creatures (collateral kills)
  A bat (D:1)
  2 goblins (D:1)
3 creatures vanquished.

Grand Total: 4 creatures vanquished

Table legend:
 A = Non-vault XP
 B = Vault XP
 C = Vault XP percentage of total XP
 D = Non-vault monster count
 E = Vault monster count
 F = Vault count percentage of total count
                 A         B        C        D         E       F
            +---------+---------+-------+---------+---------+-------
      Total |       8 |       0 |   0.0 |       4 |       0 |   0.0
            +---------+---------+-------+---------+---------+-------
        D:1 |       8 |       0 |   0.0 |       4 |       0 |   0.0
            +---------+---------+-------+---------+---------+-------

Illustrated notes

Table legend:
 A = Kills in this place as a percentage of kills in entire the game.
 B = Kills by you in this place as a percentage of kills by you in the entire game.
 C = Kills by friends in this place as a percentage of kills by friends in the entire game.
 D = Other kills in this place as a percentage of other kills in the entire game.
 E = Experience gained in this place as a percentage of experience gained in the entire game.
 F = Experience gained in this place divided by the number of levels of this place that you have seen.
                   A       B       C       D       E      F
               +-------+-------+-------+-------+-------+----------------------
         Total | 100.0 | 100.0 | 100.0 |   N/A | 100.0 |   8.0
       Dungeon | 100.0 | 100.0 | 100.0 |   N/A | 100.0 |   8.0
               +-------+-------+-------+-------+-------+----------------------

Table legend: (Time is in decaauts)
 A = Elapsed time spent in this place.
 B = Non-inter-level travel time spent in this place.
 C = Inter-level travel time spent in this place.
 D = Time resting spent in this place.
 E = Time spent auto-exploring this place.
 F = Levels seen in this place.
 G = Mean time per level.
                   A        B        C        D        E       F      G
               +--------+--------+--------+--------+--------+-----+--------+
         Total |    162 |    162 |      0 |      0 |    119 |   1 |  162.0 |
       Dungeon |    162 |    162 |      0 |      0 |    119 |   1 |  162.0 |
               +--------+--------+--------+--------+--------+-----+--------+

Top non-repeatable levels by time:
     D:1: 162 daAuts
